 Dungeon Crawl Stone Soup version 0.30-a0-782-ge64f9170bb (webtiles) character file.

Game seed: 5783880902238613300

30 fishstickking the Ducker (level 3, -3/28 HPs)
             Began as a Merfolk Gladiator on Mar 2, 2023.
             Slain by a gnoll
             ... wielding a +0 flail
              (4 damage)
             ... on level 1 of the Dungeon.
             The game lasted 00:07:50 (1731 turns).

fishstickking the Ducker (Merfolk Gladiator)        Turns: 1731, Time: 00:07:51

Health: -3/28      AC:  6    Str: 16    XL:     3   Next: 18%
Magic:  3/3        EV: 12    Int:  7    God:
Gold:   41         SH:  0    Dex: 15    Spells: 2/2 levels left

rFire   . . .      SeeInvis .    a - +0 long sword
rCold   . . .      Faith    .    (no shield)
rNeg    . . .      Spirit   .    j - +0 ring mail
rPois   .          Reflect  .    c - +0 helmet
rElec   .          Harm     .    (no cloak)
rCorr   .          Rampage  .    (no gloves)
Will    .....                    (no boots)
Stlth   +                        (no amulet)
HPRegen 0.24/turn                (no ring)
MPRegen 0.08/turn                (no ring)

@: no status effects
A: (nimble swimmer 2), mertail
a: no special abilities


You were on level 1 of the Dungeon.
You visited 1 branch of the dungeon, and saw 2 of its levels.

You collected 41 gold pieces.

Inventory:

Hand Weapons
 a - a +0 long sword (weapon)
Missiles
 d - 2 throwing nets (quivered)
 e - a javelin
 i - 26 stones
Armour
 b - a +0 leather armour
 c - a +0 helmet (worn)
 j - a +0 ring mail (worn)


   Skills:
 + Level 2.3 Fighting
 * Level 4.0 Long Blades
 * Level 2.4 Throwing
 * Level 4.6 Dodging
 * Level 0.6 Stealth


You had 2 spell levels left.
You didn't know any spells.
Your spell library was empty.

Dungeon Overview and Level Annotations

Branches:
Dungeon (2/15)

Altars:

Shops:
D:1 ?*


Innate Abilities, Weirdness & Mutations

((You are very nimble when in or above water. (Stealth+, EV+, Speed+++)))
Your lower body shifts to a powerful aquatic tail in water.


Message History

You hit the ball python.
The ball python is moderately wounded.
The ball python barely misses you. x2
You hit the ball python.
You kill the ball python!
You barely miss the rat. The rat bites you.
You closely miss the rat. The rat bites you. The rat closely misses you.
You hit the rat.
You kill the rat!
You barely miss the gnoll. The gnoll hits you with a +0 flail.
You barely miss the gnoll. The gnoll barely misses you.
You hit the gnoll.
The gnoll is lightly wounded.
The gnoll barely misses you.
You hit the gnoll.
The gnoll is moderately wounded.
The gnoll hits you with a +0 flail! The gnoll barely misses you.
You hit the gnoll but do no damage.
The gnoll is moderately wounded.
The gnoll closely misses you.
You barely miss the gnoll.
The gnoll is moderately wounded.
The gnoll hits you with a +0 flail!
* * * LOW HITPOINT WARNING * * *
The gnoll attacks as you move away! The gnoll closely misses you.
The gnoll attacks as you move away! The gnoll hits you with a +0 flail.
* * * LOW HITPOINT WARNING * * *
The gnoll attacks as you move away! The gnoll misses you.
There is a stone staircase leading up here.
The gnoll hits you with a +0 flail.
* * * LOW HITPOINT WARNING * * *
You climb upwards.
There is a stone staircase leading down here.
Throw: 3 throwing nets
Press: ? - help, Shift-Dir - straight line, f - gnoll
Aim: a gnoll, wielding a +0 flail (moderately wounded, 64% to hit)
You throw a throwing net.
The throwing net barely misses the gnoll.
The gnoll hits you with a +0 flail.
You die...

#.#######.#.# #.....#.#.#.##
#.♣♣♣##...#.# #.............
♣♣♣♣.♣#.#.#.# #...#.....#.##
♣♣.♣♣#.#.#.###...#.........
♣♣...♣#...#.##....#...#.....
♣♣♣.P.P♣#...#.##........######
♣.....P♣#.#.#.##..#.#.#.#.....
♣.P.♣.♣♣#.#.#.......#.#.#.####
♣P)P♣♣♣...#.#@#.#...#.#.#.#
♣..♣♣##.###.#g#.....#...#.# ##
#♣.♣#.......#♣♣♣♣♣..♣♣###.###.
#..#.#.####♣♣♣<.♣♣♣.♣♣ #.#.+.
##.#.#....♣♣8♣♣...♣♣.♣♣#.#.#.
#.#.....♣♣...♣♣♣♣.♣♣.♣♣.#.#.
#.#.....♣.♣♣♣...♣♣.♣♣.♣.#.#)
#.#.....♣.♣8♣♣♣..♣♣.♣.♣.....
#....##♣♣.♣....♣♣.♣.♣.♣♣#.#.


You could see a gnoll.

Vanquished Creatures
  A bat (D:1)
  5 endoplasms
  2 giant cockroaches
  4 goblins (D:1)
  4 hobgoblins (D:1)
  A quokka (D:1)
  A ball python (D:2)
  3 kobolds (D:1)
  5 rats
  2 bushes (D:1)
28 creatures vanquished.

Vanquished Creatures (others)
  6 plants (D:1)
6 creatures vanquished.

Grand Total: 34 creatures vanquished

Notes
Turn   | Place    | Note
-------+----------+-------------------------------------------
     0 | D:1      | fishstickking the Merfolk Gladiator began the quest for the
                  | Orb.
     0 | D:1      | Reached XP level 1. HP: 16/16 MP: 1/1
   378 | D:1      | Reached XP level 2. HP: 23/23 MP: 2/2
   423 | D:1      | Found Jicip's Magic Scroll Boutique.
   786 | D:1      | Found Honit's General Store.
  1332 | D:1      | Reached XP level 3. HP: 27/28 MP: 3/3
  1727 | D:2      | HP: 1/28 [gnoll/+0 flail (6)]
  1731 | D:1      | Slain by a gnoll

Illustrated notes

Levels and vault maps discovered:
D:1:      nagdon_arrival_double_spiral, layout_basic, serial_shops, shop, shop,
          serial_forest, infiniplex_forest_end_3, infiniplex_forest_lined_2,
          infiniplex_forest_split, infiniplex_forest_clump_double,
          infiniplex_forest_clump_small, infiniplex_forest_end_3,
          infiniplex_forest_zigzag_1
D:2:      layout_basic, ebering_ecumenical_altar_hall,
          minmay_misc_feat_secret_circle

Skill      XL: |  1  2 |
---------------+-------+-----
Long Blades    | 4 |  4.0
Fighting       | |  2.3
Throwing       | |  2.4
Dodging        | |  4.6
Stealth        | |  0.6

Action                     || total
---------------------------++-------
  Melee: Long sword        ||   243
         Punch             ||     4
  Throw: Throwing net      ||     1
    Use: Scroll            ||     2
         Potion            ||     1
   Stab: Sleeping          ||     1
 Armour: Leather armour    ||     8
         Ring mail         ||    10
  Dodge: Dodged            ||    58

Table legend: (Time is in decaauts)
 A = Elapsed time spent in this place.
 B = Non-inter-level travel time spent in this place.
 C = Inter-level travel time spent in this place.
 D = Time resting spent in this place.
 E = Time spent auto-exploring this place.
 F = Levels seen in this place.
 G = Mean time per level.
                   A        B        C        D        E       F      G
               +--------+--------+--------+--------+--------+-----+--------+
         Total |   1781 |   1647 |    134 |    337 |    533 |   2 |  890.5 |
       Dungeon |   1781 |   1647 |    134 |    337 |    533 |   2 |  890.5 |
               +--------+--------+--------+--------+--------+-----+--------+

Top non-repeatable levels by time:
     D:1: 1721 daAuts
     D:2: 59 daAuts
